 Dungeon Crawl Stone Soup version 0.27-a0-679-g77a6b55cf3 (webtiles) character file.

Game seed: 803367227037184633

1 rednaxela the Caller (level 1, -1/14 HPs)
             Began as a Palentonga Summoner on Mar 18, 2021.
             Killed from afar by a dart slug (5 damage)
             ... with a slug dart
             ... on level 1 of the Dungeon.
             The game lasted 00:00:28 (48 turns).

rednaxela the Caller (Palentonga Summoner)            Turns: 48, Time: 00:00:29

Health: -1/14      AC:  4    Str: 11    XL:     1   Next: 16%
Magic:  1/3        EV:  9    Int: 15    God:
Gold:   0          SH:  0    Dex: 10    Spells: 3/4 levels left

rFire    . . .     SeeInvis +   (no weapon)
rCold    . . .     Faith    .   (no shield)
rNeg     . . .     Spirit   .   a - +0 robe
rPois    .         Reflect  .   (no helmet)
rElec    .         Harm     .   (no cloak)
rCorr    .         Rampage  .   (no gloves)
Will     .....                  (no barding)
Stlth    +.........             (no amulet)
HPRegen  0.04/turn              (no ring)
MPRegen  0.08/turn              (no ring)

@: no status effects
A: large, rugged brown scales 3, see invisible, deformed body, roll 1, armoured
tail
a: Rolling Charge


You were on level 1 of the Dungeon.
You visited 1 branch of the dungeon, and saw 1 of its levels.

Inventory:

Armour
 a - a +0 robe (worn)
Scrolls
 b - a scroll of identify {unknown}


   Skills:
 - Level 1.5 Dodging
 - Level 1.2 Stealth
 + Level 0.4 Unarmed Combat
 - Level 2.0 Spellcasting
 - Level 3.2 Summonings


You had 3 spell levels left.
You knew the following spells:

 Your Spells              Type           Power      Damage    Failure   Level
a - Summon Small Mammal   Summ           44%        N/A       6%          1

Your spell library contained the following spells:

 Spells                   Type           Power      Damage    Failure   Level
 Call Imp                 Summ           11%        N/A       9%          2
 Call Canine Familiar     Summ           11%        N/A       17%         3
 Summon Guardian Golem    Hex/Summ       6%         N/A       34%         3
 Summon Ice Beast         Ice/Summ       6%         N/A       75%         4
 Summon Lightning Spire   Summ/Air       6%         N/A       75%         4


Dungeon Overview and Level Annotations

Branches:
Dungeon (1/15)

Altars:


Innate Abilities, Weirdness & Mutations

You are completely covered in rugged brown scales. (AC +3, +7% HP)
You have supernaturally acute eyesight. (SInv)
Armour fits poorly on your strangely shaped body.
You can roll at nearby foes to attack.
You have a long armoured tail.


Message History

Welcome, rednaxela the Palentonga Summoner.
The bosom of this dungeon contains the fabled artefact, the Orb of Zot.
Press ? for a list of commands and other information.
Found a staircase leading out of the dungeon.
You open the door.
There is an open door here.
The troll shouts!
The human shouts!
The orc shouts!
b - a scroll labelled NIGUOT QYXAA The formicid shouts!
The elf shouts!
The centaur shouts!
The merfolk shouts!
The naga shouts!
The dwarf shouts!
The tengu shouts!
Found 16 bolts.
The ogre shouts!
The draconian roars!
The vine stalker shouts!
The minotaur bellows!
You see here 16 bolts.
You open the door.
A hobgoblin comes into view. It is wielding a +0 club.
The spriggan shouts!
Found a stone staircase leading down.
There is an open door here.
A hobgoblin and a dart slug come into view.
A goblin comes into view.
The hobgoblin shouts!
The goblin shouts!
The hobgoblin shouts!
You hear a bark! x2
You hear a shout!
Found 17 stones.
There is an open door here.
You close the door.
You start waiting.
Casting: Summon Small Mammal (safe; 6% risk of failure)
Confirm with . or Enter, or press ? or * to list all spells.
The hobgoblin hits your bat with a +0 club.
Your bat hits the hobgoblin.
The hobgoblin hits your bat with a +0 club.
Your bat dies!
Your bat's corpse disappears in a puff of smoke!
Unknown command.
Casting: Summon Small Mammal (safe; 6% risk of failure)
Confirm with . or Enter, or press ? or * to list all spells.
The hobgoblin hits you with a +0 club.
* * * LOW HITPOINT WARNING * * *
The hobgoblin hits you with a +0 club.
* * * LOW HITPOINT WARNING * * *
You swap places.
Your bat hits the hobgoblin but does no damage.
Your bat barely misses the hobgoblin.
Your bat hits the hobgoblin but does no damage.
The hobgoblin hits your bat with a +0 club.
Your bat dies!
Your bat's corpse disappears in a puff of smoke!
You hit the hobgoblin.
The hobgoblin is heavily wounded.
The hobgoblin misses you.
You completely miss the hobgoblin.
The hobgoblin is heavily wounded.
The hobgoblin closely misses you.
You hit the hobgoblin. You tail-slap the hobgoblin.
You kill the hobgoblin!
You hit the goblin.
The goblin is severely wounded.
The goblin hits you.
* * * LOW HITPOINT WARNING * * *
You hit the goblin.
You kill the goblin!
The dart slug launches a dart at you. The slug dart hits you.
You die...

# .(........ #.##.........
.#.......... g..........
..........
###################.........
#e#c#V#h#g#9#d#n#6#.........
####################........
...............(@)wg........
####################........
#B#m#N#Q#.#O#f#H#i#..>......
###################.........
.......... ..........
.#........# ......#


You could see a ghoul, a minotaur, a demonspawn, a spriggan, a dart slug and a
hobgoblin.

Vanquished Creatures
  A goblin (D:1)
  A hobgoblin (D:1)
2 creatures vanquished.

Notes
Turn   | Place    | Note
-------+----------+-------------------------------------------
     0 | D:1      | rednaxela the Palentonga Summoner began the quest for the
                  | Orb.
     0 | D:1      | Reached XP level 1. HP: 14/14 MP: 3/3
     2 | D:1      | Noticed an octopode
     2 | D:1      | Noticed a troll
     4 | D:1      | Noticed a human
     6 | D:1      | Noticed a halfling
     8 | D:1      | Noticed a demigod
    11 | D:1      | Noticed an elf
    11 | D:1      | Noticed a formicid
    13 | D:1      | Noticed a centaur
    13 | D:1      | Noticed a merfolk
    15 | D:1      | Noticed a vampire
    15 | D:1      | Noticed a naga
    17 | D:1      | Noticed a felid
    17 | D:1      | Noticed a tengu
    19 | D:1      | Noticed a dwarf
    21 | D:1      | Noticed a gargoyle
    21 | D:1      | Noticed an ogre
    23 | D:1      | Noticed a draconian
    23 | D:1      | Noticed a vine stalker
    25 | D:1      | Noticed a ghoul
    25 | D:1      | Noticed a minotaur
    27 | D:1      | Noticed a demonspawn
    27 | D:1      | Noticed a spriggan
    48 | D:1      | Killed from afar by a dart slug

Illustrated notes

Levels and vault maps discovered:
D:1:      kb_arrival_jail, layout_rooms, minmay_heptomino_h4

Action                   || total
-------------------------++-------
Melee: Unarmed           ||     5
       Tailslap          ||     1
 Cast: Summon Small Mamm ||     2
Dodge: Dodged            ||     2

Table legend: (Time is in decaauts)
 A = Elapsed time spent in this place.
 B = Non-inter-level travel time spent in this place.
 C = Inter-level travel time spent in this place.
 D = Time resting spent in this place.
 E = Time spent auto-exploring this place.
 F = Levels seen in this place.
 G = Mean time per level.
                   A        B        C        D        E       F      G
               +--------+--------+--------+--------+--------+-----+--------+
         Total |     48 |     48 |      0 |      2 |     19 |   1 |   48.0 |
       Dungeon |     48 |     48 |      0 |      2 |     19 |   1 |   48.0 |
               +--------+--------+--------+--------+--------+-----+--------+

Top non-repeatable levels by time:
     D:1: 48 daAuts
